 Dungeon Crawl Stone Soup version 0.24-a0-232-g49d9ff8 (webtiles) character file.

Game seed: 12142302333693044830

1928 KiteCat the Purveyor of Pain (level 8, -3/57 HPs)
             Began as a Pale Draconian Necromancer on Apr 4, 2019.
             Was an Initiate of Kikubaaqudgha.
             Slain by an orc warrior
             ... wielding a +0 glaive
              (19 damage)
             ... on level 6 of the Dungeon.
             The game lasted 00:17:52 (10472 turns).

KiteCat the Purveyor of Pain (DrNe)                Turns: 10472, Time: 00:17:53

Health: -3/57      AC: 10    Str: 10    XL:     8   Next: 96%
Magic:  4/16       EV: 13    Int: 18    God:    Kikubaaqudgha [......]
Gold:   119        SH:  0    Dex: 12    Spells: 9/18 levels left

rFire    . . .     SeeInvis .   l - +1 great sword (venom)
rCold    . . .     Gourm    .   (shield currently unavailable)
rNeg     . . .     Faith    .   (armour unavailable)
rPois    .         Spirit   .   (helmet restricted)
rElec    .         Reflect  .   (no cloak)
rCorr    .         Harm     .   (no gloves)
MR       .....                  (no boots)
Stlth    ++........             (no amulet)
HPRegen  0.19/turn              m - +4 ring of protection
MPRegen  0.15/turn              (no ring)

@: no status effects
A: breathe steam, unfitting armour, cold-blooded, AC +6
a: Breathe Steam, Renounce Religion


You were on level 6 of the Dungeon.
You worshipped Kikubaaqudgha.
Kikubaaqudgha was noncommittal.
You were not hungry.

You visited 2 branches of the dungeon, and saw 7 of its levels.

You collected 311 gold pieces.
You spent 192 gold pieces at shops.

Inventory:

Hand Weapons
 l - a +1 great sword of venom (weapon)
Jewellery
 m - a +4 ring of protection (left hand)
 q - an uncursed ring of flight {unknown}
Scrolls
 c - 3 scrolls of teleportation
 f - 2 scrolls of remove curse
 h - a scroll of identify {unknown}
 k - a scroll of amnesia {unknown}
 o - 2 scrolls of fog {unknown}
 p - a scroll of acquirement {unknown}
Potions
 a - 2 potions of brilliance {unknown}
 d - 6 potions of heal wounds {unknown}
 e - a potion of lignification {unknown}
 g - 3 potions of curing {unknown}
 i - 2 potions of berserk rage {unknown}
 j - a potion of haste {unknown}
 n - a potion of agility {unknown}
Comestibles
 b - 8 rations


   Skills:
 * Level 5.3 Long Blades
 * Level 4.0 Dodging
 - Level 1.7 Stealth
 + Level 5.6 Spellcasting
 + Level 8.4 Necromancy


You had 9 spell levels left.
You knew the following spells:

 Your Spells              Type           Power        Failure   Level  Hunger
a - Pain                  Necr           ####         1%          1    None
b - Animate Skeleton      Necr           N/A          1%          1    None
c - Vampiric Draining     Necr           #####.....   1%          3    ##.....
d - Animate Dead          Necr           N/A          3%          4    ####...

Your spell library contained the following spells:

 Spells                   Type           Power        Failure   Level  Hunger
 Regeneration             Chrm/Necr      ###.......   7%          3    ##.....


Dungeon Overview and Level Annotations

Branches:
Dungeon (6/15)             Temple (1/1) D:6

Altars:
Ashenzari
Cheibriados
Dithmenos
Elyvilon
Gozag
Kikubaaqudgha
Makhleb
Nemelex Xobeh
Okawaru
Qazlal
Ru
Sif Muna
Trog
Vehumet
Yredelemnul
Zin

Shops:
D:4 (


Innate Abilities, Weirdness & Mutations

You can breathe blasts of scalding, opaque steam.
Your pale cyan-grey scales are hard. (AC +6)
You cannot fit into any form of body armour.
You are cold-blooded and may be slowed by cold attacks.


Message History

The orc warrior closely misses you. The orc barely misses you.
You riposte.
You closely miss the orc.
The orc is lightly wounded.
The orc wizard hits you but does no damage.
The orc hits you but does no damage.
Casting: Vampiric Draining (safe; 1% risk of failure)
Confirm with . or Enter, or press ? or * to list all spells.
Aiming: Vampiric Draining (safe; 1% risk of failure)
Press: ? - help, Shift-Dir - straight line, f/p - orc warrior
Aim: an orc warrior, wielding a +0 hand axe and wearing a +0 plate armour (almost dead)
You kill the orc warrior!
Kikubaaqudgha accepts your kill.
Your Dodging skill increases to level 4!
You feel life coursing into your body. The orc closely misses you.
You riposte.
You slash the orc!
You kill the orc!
Kikubaaqudgha accepts your kill.
The orc warrior hits you from afar with a +0 glaive!!
You die...
Kikubaaqudgha rasps: "You have failed me!
Welcome... death!"

#####...#..## #......#
...........# #......#
######.....####......#
# ##..............# #
####..##.......# #
##...........# ###
...............# ....
####.###...o...# ####
# #...@†...# #
#####..).#.)o..o.#
###.
........####o###.#
....#..# #.#. #.# .#
####......... ... #
.....# #.## o###
.....# . .....# ..
.....#


You could see an orc warrior, an orc wizard and 2 orcs.

Vanquished Creatures
  Pikel (D:6)
  2 orc warriors (D:6)
  A slave (D:6)
  An ogre (D:5)
  A centaur (D:5)
  4 scorpions
  3 wights (D:6)
  2 crimson imps
  A hound (D:4)
  A jelly (D:4)
  A gnoll shaman (D:6)
  2 orc priests
  An orc wizard (D:3)
  A centaur skeleton (D:5)
  4 worker ants
  Ijyb (D:4)
  3 iguanas
  2 hound skeletons
  7 gnolls
  9 adders
  A howler monkey skeleton (D:4)
  A shadow imp (D:4)
  4 worms
  A dart slug (D:1)
  5 leopard geckos
  26 orcs
  3 ball pythons (D:1)
  10 bats
  5 giant cockroaches
  8 goblins
  10 hobgoblins
  9 jackals
  9 kobolds
  3 quokkas
  9 frilled lizards
  A jackal skeleton (D:5)
  A leopard gecko skeleton (D:4)
  A quokka zombie (D:5)
  7 rats
162 creatures vanquished.

Vanquished Creatures (collateral kills)
  A bullfrog (D:6)
  2 gnolls (D:6)
  An orc (D:6)
  2 rats (D:1)
6 creatures vanquished.

Vanquished Creatures (others)
  Eustachio (D:6)
  A worker ant (D:6)
2 creatures vanquished.

Grand Total: 170 creatures vanquished

Notes
Turn   | Place    | Note
-------+----------+-------------------------------------------
     0 | D:1      | KiteCat the Draconian Necromancer began the quest for the
                  | Orb.
     0 | D:1      | Reached XP level 1. HP: 14/14 MP: 3/3
   133 | D:1      | Reached XP level 2. HP: 11/20 MP: 0/5
   149 | D:1      | Learned a level 1 spell: Animate Skeleton
  1425 | D:1      | Reached XP level 3. HP: 20/26 MP: 1/6
  2491 | D:2      | Reached skill level 5 in Necromancy
  2753 | D:1      | Learned a level 3 spell: Vampiric Draining
  3116 | D:2      | Reached XP level 4. HP: 29/33 MP: 0/8
  5306 | D:3      | Reached XP level 5. HP: 30/38 MP: 2/9
  5704 | D:3      | Reached skill level 6 in Necromancy
  5924 | D:3      | Learned a level 4 spell: Animate Dead
  6227 | D:4      | Found Weudaci's Weapon Shoppe.
  6246 | D:4      | Reached XP level 6. HP: 44/45 MP: 8/11
  6302 | D:4      | Noticed Ijyb
  6728 | D:4      | Reached skill level 7 in Necromancy
  6852 | D:4      | Killed Ijyb
  7478 | D:4      | Found a burning altar of Makhleb.
  7531 | D:4      | Your scales start taking on a pale cyan-grey colour.
  7531 | D:4      | Reached XP level 7. HP: 36/50 MP: 9/13
  7548 | D:4      | Bought a +1 great sword of venom for 192 gold pieces
  7659 | D:5      | Entered Level 5 of the Dungeon
  7810 | D:5      | Reached skill level 1 in Long Blades
  8471 | D:5      | Found an iron altar of Okawaru.
  9138 | D:5      | Found a shadowy altar of Dithmenos.
  9165 | D:5      | Reached skill level 5 in Spellcasting
  9165 | D:5      | Reached XP level 8. HP: 54/57 MP: 15/15
  9396 | D:6      | Reached skill level 8 in Necromancy
  9656 | D:6      | Found a staircase to the Ecumenical Temple.
  9667 | Temple   | Entered the Ecumenical Temple
  9879 | Temple   | Became a worshipper of Kikubaaqudgha
  9973 | D:6      | Noticed Pikel
  9990 | D:6      | Killed Pikel
  9990 | D:6      | Reached skill level 5 in Long Blades
 10410 | D:6      | Killed Eustachio
 10472 | D:6      | Slain by an orc warrior

Levels and vault maps discovered:
D:1:      evilmike_arrival_hilbert_curve, layout_basic, st_stairs_12
D:2:      layout_basic, minmay_3d_cube
D:3:      layout_basic, wad_orctagon
D:4:      layout_cave_pools, makhleb_grotto_becter, serial_shops,
          nicolae_shop_statue_plus, uniq_ijyb
D:5:      layout_loops_ring, lemuel_crystal_altar, first_ration,
          kennysheep_okawaru_gauntlet
D:6:      layout_rooms, minmay_temple_entry_glassed_door, minmay_diced_spiral,
          uniq_pikel, uniq_eustachio
Temple:   eino_temple_water

Skill      XL: |  1  2  3  4  5  6  7  8 |
---------------+-------------------------+-----
Necromancy     | 5 6 7 8 |  8.4
Spellcasting   | 3 4 5 |  5.6
Long Blades    | 3 5 |  5.3
Dodging        | 4 |  4.0
Stealth        | |  1.7

Action                   |  1- 3 |  4- 6 |  7- 9 || total
-------------------------+-------+-------+-------++-------
Melee: Unarmed           |    49 |   111 |       ||   160
       Tailslap          |     5 |    14 |    16 ||    35
       Great sword       |       |       |   141 ||   141
 Cast: Pain              |    71 |   129 |    23 ||   223
       Animate Skeleton  |    12 |     3 |       ||    15
       Vampiric Draining |     3 |     8 |    13 ||    24
       Animate Dead      |       |       |     3 ||     3
 Abil: Breathe Steam     |       |       |     1 ||     1
  Use: Scroll            |       |       |     3 ||     3
 Stab: Sleeping          |       |       |     1 ||     1
  Eat: Chunk             |     8 |    10 |     5 ||    23
       Ration            |       |     1 |     2 ||     3
Armor: Skin              |    27 |    55 |    78 ||   160
Dodge: Dodged            |    54 |   119 |   162 ||   335
       Rpst.: Great sword |       |       |    52 ||    52

Table legend:
 A = Non-vault XP
 B = Vault XP
 C = Vault XP percentage of total XP
 D = Non-vault monster count
 E = Vault monster count
 F = Vault count percentage of total count
                 A         B        C        D         E       F
            +---------+---------+-------+---------+---------+-------
      Total |    2059 |     696 |  25.3 |     153 |      14 |   8.4
            +---------+---------+-------+---------+---------+-------
        D:1 |      56 |       2 |   3.4 |      32 |       1 |   3.0
        D:2 |      67 |       7 |   9.5 |      22 |       4 |  15.4
        D:3 |     147 |      12 |   7.5 |      24 |       4 |  14.3
        D:4 |     435 |      85 |  16.3 |      26 |       2 |   7.1
        D:5 |     632 |       4 |   0.6 |      24 |       2 |   7.7
        D:6 |     722 |     586 |  44.8 |      25 |       1 |   3.8
            +---------+---------+-------+---------+---------+-------
